Map: Frost LE

Players

MegaXyloN

  • Race: Zerg Zerg
  • League: Master

kOala (Nina) - Winner!

  • Race: Protoss Protoss

VOD

Have the link to the VOD?

Description

Time

  • Played on: Nov. 13, 2016, 9:35 p.m.
  • Length: 17:00
Show
View Real Time Build Order
Export as new Build Order

MegaXyloN Zerg 

Build Orders: Hatch First, Lurkers 

Get SALT Encoding   

  12  0:01  Drone  
  13  0:13  Overlord  
  13  0:17  Drone  
  14  0:31  Drone x2  
  17  0:35  Drone  
  17  0:52  Hatchery  
  17  0:55  Drone  
  17  0:59  Drone  
  18  1:08  Drone  
  18  1:09  Extractor  
  18  1:16  Spawning Pool  
  17  1:19  Drone  
  18  1:29  Drone  
  19  1:39  Overlord  
  19  1:50  Drone  
  20  2:02  Queen  
  20  2:03  Zergling x2  
  20  2:04  Queen  
  20  2:05  Drone  
  26  2:12  Metabolic Boost, Drone  
  26  2:15  Drone  
  28  2:23  Drone  
  28  2:26  Drone  
  30  2:34  Drone  
  31  2:37  Overlord  
  31  2:42  Queen  
  33  2:48  Pneumatized Carapace  
  33  2:49  Drone  
  33  2:50  Drone  
  35  2:55  Drone  
  36  2:58  Zergling x2  
  37  3:06  Overlord  
  37  3:09  Drone  
  37  3:10  Drone  
  37  3:12  Drone  
  40  3:13  Drone x4  
  44  3:24  Queen, Overlord  
  46  3:34  Drone x2  
  46  3:37  Hatchery  
  48  3:41  Drone x2  
  48  3:45  Zergling x8  
  53  3:52  Evolution Chamber, Drone x2  
  53  3:53  Drone  
  55  3:57  Extractor  
  55  3:58  Spore Crawler, Extractor  
  52  4:03  Zergling x4  
  52  4:07  Drone  
  55  4:15  Drone x2  
  57  4:20  Overlord  
  57  4:23  Overlord x2  
  56  4:39  Drone x3  
  56  4:42  Overlord  
  58  4:49  Drone x3  
  59  4:54  Queen  
  59  4:55  Drone x2  
  59  4:56  Zerg Melee Weapons Level 1, Lair  
  63  5:03  Zergling x6  
  66  5:10  Extractor, Drone x3  
  66  5:12  Drone  
  69  5:22  Overlord  
  69  5:24  Drone  
  69  5:25  Drone x2  
  72  5:40  Drone  
  72  5:41  Drone x5  
  78  5:43  Roach Warren  
  78  5:44  Hatchery  
  78  5:48  Zergling x4  
  78  5:49  Zergling x4  
  80  6:00  Overlord  
  80  6:02  Hydralisk Den  
  80  6:03  Drone  
  80  6:04  Drone x5  
  82  6:10  Extractor  
  84  6:11  Extractor  
  84  6:12  Overseer  
  83  6:23  Roach x8  
  99  6:26  Roach x3  
  105  6:35  Overlord  
  105  6:36  Overlord  
  88  6:47  Roach  
  88  6:48  Roach  
  88  6:53  Roach x4  
  88  6:54  Roach  
  104  7:03  Roach x3  
  104  7:04  Queen  
  106  7:11  Roach x4  
  114  7:21  Roach  
  114  7:22  Roach x3  
  122  7:34  Hatchery  
  117  7:40  Overlord x4  
  117  7:41  Lurker Den  
  117  8:03  Roach x7  
  117  8:04  Roach  
  133  8:18  Hydralisk x3  
  138  8:25  Overlord  
  131  8:40  Hydralisk x6  
  139  9:03  Hydralisk x2, Roach x2  
  139  9:04  Hydralisk x2, Roach  
  150  9:18  Overlord x2  
  148  9:27  Lurker  
  148  9:28  Lurker x3  
  148  9:39  Lurker x5  
  148  9:40  Lurker x2  
  135  10:04  Hydralisk x2  
  135  10:05  Hydralisk x3, Roach  
  135  10:06  Roach  
  111  10:21  Overlord  
  111  10:27  Hydralisk x2  
  111  10:28  Hydralisk x2, Roach  
  115  10:29  Roach  
  121  10:38  Zergling x6  
  120  11:09  Overseer  
  118  11:13  Hatchery  
  118  11:16  Hydralisk  
  118  11:17  Hydralisk x5  
  91  11:33  Hydralisk x3  
  97  11:46  Hydralisk x2  
  101  11:47  Overseer  
  101  11:52  Lurker  
  101  11:53  Lurker  
  103  12:03  Drone x3  
  106  12:08  Hydralisk  
  108  12:17  Extractor  
  108  12:18  Hydralisk x2  
  108  12:19  Hydralisk, Extractor  
  108  12:20  Roach  
  114  12:40  Overlord  
  114  12:48  Drone x3  
  114  12:49  Drone x3  
  114  12:50  Queen  
  122  12:51  Hydralisk  
  122  12:57  Overlord  
  124  13:09  Lurker x6  
  130  13:19  Hydralisk x2  
  132  13:20  Roach  
  136  13:34  Hydralisk x3  
  142  13:43  Hydralisk x2  
  142  13:44  Roach  
  148  13:49  Muscular Augments  
  146  13:58  Hydralisk x2  
  84  14:21  Hydralisk  
  84  14:22  Hydralisk x5  
  93  14:39  Lurker  
  93  14:40  Lurker x4  
  98  14:55  Hydralisk  
  100  15:09  Hydralisk, Hatchery  
  100  15:10  Spire  
  100  15:24  Overseer x2  
  100  15:29  Hydralisk x2  
  100  15:30  Hydralisk  
  106  15:42  Hydralisk x2  
  106  15:44  Roach  
  112  16:00  Hydralisk x3  
  112  16:02  Roach  
  120  16:12  Lurker x4  
  124  16:23  Roach x3  
  130  16:30  Infestation Pit  
Show
View Real Time Build Order
Export as new Build Order

kOala Protoss - Winner!

Build Orders: 1 Gate Expand 

Get SALT Encoding   

  12  0:02  Probe (Chrono Boost)  
  13  0:12  Probe (Chrono Boost)  
  14  0:20  Pylon  
  14  0:23  Probe (Chrono Boost)  
  15  0:38  Probe (Chrono Boost)  
  15  0:42  Gateway  
  16  0:49  Probe (Chrono Boost)  
  17  0:51  Assimilator  
  17  0:59  Probe (Chrono Boost)  
  18  1:10  Probe (Chrono Boost)  
  19  1:21  Probe (Chrono Boost)  
  20  1:29  Nexus  
  20  1:37  Cybernetics Core  
  20  1:39  Probe (Chrono Boost)  
  21  1:45  Assimilator  
  21  1:50  Probe (Chrono Boost)  
  22  1:54  Pylon  
  22  2:00  Probe (Chrono Boost)  
  23  2:11  Adept  
  23  2:14  Probe (Chrono Boost)  
  23  2:15  Warp Gate  
  26  2:26  Probe (Chrono Boost)  
  29  2:37  Sentry  
  29  2:40  Mothership Core (Chrono Boost)  
  29  2:42  Probe (Chrono Boost)  
  32  2:53  Probe (Chrono Boost)  
  34  2:59  Probe (Chrono Boost)  
  34  3:00  Sentry  
  34  3:03  Probe (Chrono Boost)  
  37  3:09  Nexus  
  37  3:11  Probe (Chrono Boost)  
  38  3:14  Probe (Chrono Boost)  
  38  3:15  Pylon  
  39  3:23  Probe (Chrono Boost), Sentry  
  39  3:24  Probe (Chrono Boost)  
  43  3:29  Pylon  
  44  3:35  Probe (Chrono Boost)  
  44  3:36  Probe (Chrono Boost)  
  44  3:39  Pylon  
  45  3:45  Probe (Chrono Boost)  
  45  3:47  Probe (Chrono Boost)  
  47  3:51  Twilight Council  
  47  3:56  Probe (Chrono Boost)  
  47  3:57  Robotics Facility  
  47  3:58  Probe (Chrono Boost)  
  47  4:01  Pylon  
  49  4:07  Probe (Chrono Boost)  
  49  4:08  Probe (Chrono Boost)  
  51  4:15  Gateway  
  51  4:16  Gateway  
  51  4:20  Probe (Chrono Boost)  
  52  4:24  Gateway  
  52  4:27  Gateway  
  52  4:29  Probe (Chrono Boost)  
  52  4:31  Probe (Chrono Boost)  
  53  4:39  Zealot, Charge  
  53  4:41  Probe (Chrono Boost)  
  53  4:45  Warp Prism  
  56  4:46  Gateway  
  58  5:01  Gateway  
  58  5:04  Gateway  
  56  5:09  Gateway  
  57  5:15  Probe (Chrono Boost), Gateway  
  57  5:16  Probe (Chrono Boost)  
  57  5:17  Probe (Chrono Boost)  
  57  5:21  Pylon  
  59  5:26  Zealot  
  59  5:27  Probe (Chrono Boost), Observer  
  63  5:28  Probe (Chrono Boost)  
  63  5:31  Probe (Chrono Boost)  
  63  5:33  Sentry  
  63  5:34  Sentry  
  69  5:39  Probe (Chrono Boost), Zealot x2  
  69  5:40  Probe (Chrono Boost)  
  69  5:42  Probe (Chrono Boost)  
  76  5:48  Pylon  
  77  5:51  Probe (Chrono Boost)  
  77  5:54  Zealot x2  
  82  5:57  Probe (Chrono Boost)  
  82  5:58  Probe (Chrono Boost)  
  82  6:02  Zealot x3  
  82  6:03  Zealot  
  91  6:07  Probe (Chrono Boost)  
  92  6:14  Pylon  
  92  6:21  Zealot x6, Pylon  
  92  6:24  Sentry x2  
  108  6:30  Pylon  
  108  6:40  Zealot x2  
  108  6:42  Zealot x3  
  108  6:43  Zealot x2  
  122  6:48  Pylon  
  122  6:49  Pylon  
  122  6:51  Pylon  
  122  6:53  Zealot x2  
  126  6:57  Zealot, Blink  
  128  7:02  Zealot x2  
  132  7:14  Zealot  
  132  7:15  Zealot x5  
  142  7:20  Probe (Chrono Boost)  
  142  7:21  Probe x2 (Chrono Boost)  
  147  7:22  Assimilator  
  147  7:24  Assimilator  
  147  7:30  Probe (Chrono Boost)  
  147  7:32  Assimilator x2  
  147  7:34  Pylon  
  148  7:42  Templar Archives  
  148  7:45  Forge  
  148  7:47  Stalker x3  
  148  7:48  Stalker  
  157  7:52  Probe (Chrono Boost)  
  157  7:55  Probe (Chrono Boost)  
  157  7:57  Probe (Chrono Boost)  
  159  8:02  Pylon  
  159  8:04  Pylon  
  159  8:05  Probe (Chrono Boost)  
  160  8:08  Stalker x2  
  164  8:13  Protoss Ground Weapons Level 1  
  164  8:21  Photon Cannon  
  162  8:27  Zealot x3  
  162  8:28  Zealot  
  162  8:29  Photon Cannon  
  162  8:31  Zealot x2  
  174  8:35  Psionic Storm  
  174  8:36  Photon Cannon  
  174  8:40  Photon Cannon  
  172  8:47  Immortal  
  172  8:51  Photon Cannon  
  176  9:00  High Templar x2  
  176  9:01  Pylon  
  180  9:04  Pylon  
  180  9:06  Robotics Facility  
  180  9:23  High Templar x2  
  184  9:26  Nexus  
  184  9:28  Pylon  
  184  9:31  Pylon  
  184  9:33  High Templar x2  
  188  9:39  Pylon  
  188  9:43  Zealot x3  
  188  9:44  Zealot  
  180  10:00  Protoss Shields Level 1  
  180  10:04  High Templar x2  
  180  10:06  Immortal x2  
  188  10:07  Photon Cannon  
  188  10:09  Archon  
  172  10:17  Archon  
  172  10:18  Archon  
  114  10:23  Zealot x5  
  108  10:37  Photon Cannon  
  108  10:38  Photon Cannon  
  108  10:39  High Templar x2  
  108  10:40  Immortal, Zealot  
  108  10:41  Immortal, Zealot x2  
  118  10:47  Archon  
  122  10:50  Zealot x2  
  122  10:51  Zealot x3  
  132  11:03  High Templar  
  132  11:04  High Templar  
  136  11:08  Archon  
  134  11:12  Zealot x5  
  134  11:15  Zealot x2  
  134  11:17  Observer  
  143  11:28  Observer  
  143  11:32  Zealot x3  
  117  11:33  Zealot x3  
  117  11:38  Assimilator  
  117  11:39  Observer  
  123  11:41  High Templar x2  
  123  11:47  Archon  
  128  11:50  Assimilator  
  128  11:53  Probe x2 (Chrono Boost)  
  131  11:54  Probe (Chrono Boost)  
  131  11:56  High Templar x2  
  131  11:57  Zealot x3  
  131  12:00  Archon  
  141  12:03  Probe (Chrono Boost)  
  141  12:06  Immortal, Protoss Ground Weapons Level 2, Assimilator  
  142  12:13  Zealot x3  
  152  12:20  Dark Shrine  
  152  12:32  Probe x3 (Chrono Boost), Zealot x2  
  159  12:42  Immortal  
  159  12:47  Immortal  
  167  12:53  High Templar x2  
  167  12:54  Zealot x2  
  175  12:59  Archon  
  175  13:00  High Templar  
  175  13:01  High Templar  
  179  13:06  Archon  
  179  13:10  Nexus  
  179  13:13  Pylon  
  179  13:14  Pylon  
  179  13:16  High Templar x2  
  183  13:20  Archon  
  183  13:28  High Templar  
  183  13:29  High Templar  
  183  13:30  Zealot x4  
  195  13:38  Archon  
  195  13:40  Zealot  
  195  13:41  Zealot  
  199  13:54  Photon Cannon  
  197  13:56  Photon Cannon  
  197  14:01  Photon Cannon  
  195  14:03  Assimilator  
  195  14:06  Assimilator  
  163  14:10  Zealot x5  
  163  14:11  Zealot x3  
  154  14:18  Observer  
  154  14:21  Observer  
  143  14:24  Probe (Chrono Boost)  
  143  14:25  Probe x2 (Chrono Boost)  
  143  14:26  Probe (Chrono Boost)  
  144  14:35  Probe (Chrono Boost), High Templar x3  
  144  14:36  High Templar x2  
  144  14:37  Probe (Chrono Boost), High Templar  
  144  14:38  Probe x2 (Chrono Boost)  
  160  14:40  Archon x2  
  160  14:41  Archon  
  160  14:47  Zealot  
  160  14:51  Immortal  
  162  14:53  High Templar x2  
  162  14:56  Immortal  
  162  14:57  Archon  
  174  15:16  High Templar x2  
  174  15:18  Nexus  
  174  15:20  Photon Cannon, Pylon  
  174  15:21  Pylon  
  178  15:29  High Templar x2  
  178  15:31  Archon  
  182  15:38  Immortal, Robotics Facility, Archon  
  182  15:39  Immortal  
  182  15:47  Photon Cannon  
  190  15:51  Photon Cannon  
  190  15:57  High Templar  
  190  15:58  High Templar  
  190  16:03  Archon  
  194  16:08  Photon Cannon  
  194  16:10  Assimilator  
  194  16:13  Zealot x3  
  194  16:14  Assimilator  
  198  16:25  Zealot  
  186  16:47  Zealot  
  186  16:48  Zealot x4  
Tags
 
Composition
Lurkers
League
Master
Matchup
PvZ
Player
Nina
Add a new tag
Caveats
  • Supply blocks, unpowered buildings, or Contaminate may cause inaccurate times.
  • Supply counts are checked every 10 seconds.